 Dungeon Crawl Stone Soup version 0.29-a0-330-g52719c12eb (webtiles) character file.

Game seed: 193689714867880152

11912 Armakuni the Destroyer (level 12, 0/83 HPs)
             Began as a Human Wanderer on Apr 30, 2022.
             Was an Elder of Vehumet.
             Slain by a polar bear (2 damage)
             ... on level 12 of the Dungeon.
             The game lasted 00:28:54 (16405 turns).

Armakuni the Destroyer (Human Wanderer)            Turns: 16405, Time: 00:28:55

Health: 0/83       AC:  8    Str: 14    XL:     12   Next: 13%
Magic:  5/28       EV: 12    Int: 18    God:    Vehumet [****..]
Gold:   844        SH:  0    Dex: 11    Spells: 5/21 levels left

rFire   . . .      SeeInvis .   a - +3 quarterstaff (venom)
rCold   + . .      Faith    .   (shield currently unavailable)
rNeg    . . .      Spirit   .   O - +0 troll leather armour
rPois   .          Reflect  .   C - +0 hat
rElec   .          Harm     .   A - +0 cloak
rCorr   .          Rampage  .   i - +0 pair of gloves
Will    .....                   j - +0 pair of boots
Stlth   +.........              M - amulet of magic regeneration
HPRegen 1.03/turn               J - ring of protection from cold
MPRegen 0.61/turn               P - ring of magical power

@: studying Slings
A: no striking features
a: Renounce Religion


You were on level 12 of the Dungeon.
You worshipped Vehumet.
Vehumet was greatly pleased with you.
You visited 2 branches of the dungeon, and saw 13 of its levels.

You collected 844 gold pieces.

Inventory:

Hand Weapons
 a - a +3 quarterstaff of venom (weapon)
 E - a +2 scimitar of flaming
Missiles
 b - 44 poisoned darts
 c - 6 datura-tipped darts
 y - 4 throwing nets
 K - a curare-tipped dart
Armour
 i - a +0 pair of gloves (worn)
 j - a +0 pair of boots (worn)
 v - an orb of wrath
 A - a +0 cloak (worn)
 C - a +0 hat (worn)
 I - a +0 buckler
 O - a +0 troll leather armour (worn)
Magical Staves
 o - a staff of death
Jewellery
 F - a ring of fire
 G - an amulet of guardian spirit
 J - a ring of protection from cold (left hand)
 L - the amulet of Imialivoss {Spirit Int+4}
   (You found it on level 12 of the Dungeon)

   [amulet of guardian spirit]

   It causes incoming damage to be divided between your reserves of health and
   magic.
   Int:       It affects your intelligence (+4).
 M - an amulet of magic regeneration (around neck)
 N - a ring of positive energy
 P - a ring of magical power (right hand)
Wands
 x - a wand of iceblast (1)
 B - a wand of flame (6)
 D - a wand of polymorph (4)
Scrolls
 f - 3 scrolls of noise
 h - a scroll of silence
 m - 2 scrolls of fog
 n - a scroll of enchant armour
 q - 5 scrolls of teleportation
 r - 4 scrolls of vulnerability
 t - a scroll of identify
 u - 2 scrolls of magic mapping
 H - a scroll of holy word
Potions
 d - 3 potions of haste
 e - 4 potions of heal wounds
 g - a potion of mutation
 k - a potion of might
 l - 3 potions of flight
 p - a potion of brilliance {unknown}
 s - 8 potions of ambrosia
 w - 2 potions of lignification
 z - 3 potions of curing


   Skills:
 - Level 4.0 Fighting
 - Level 8.4 Staves
 - Level 2.0 Throwing
 - Level 4.0 Armour
 - Level 4.0 Dodging
 - Level 5.0 Spellcasting
 - Level 10.0 Conjurations
 + Level 8.7 Fire Magic
 - Level 5.0 Earth Magic
 - Level 1.0 Poison Magic
 - Level 4.0 Evocations


You had 5 spell levels left.
You knew the following spells:

 Your Spells              Type           Power      Damage    Failure   Level
a - Sting                 Tmut/Pois      24%        1d4       13%         1
b - Apportation           Tloc           8%         N/A       16%         1
f - Fireball              Conj/Fire      19%        3d9       2%          5
s - Sticky Flame          Conj/Fire      38%        2d6       1%          4
w - Passwall              Tmut/Erth      10%        N/A       9%          2
z - Stone Arrow           Conj/Erth      62%        3d10      1%          3

Your spell library contained the following spells:

 Spells                   Type           Power      Damage    Failure   Level
 Lightning Bolt           Conj/Air       11%        1d24      16%         5
 Sandblast                Erth           44%        2d11      1%          1
 Iskenderun's Battlesphe  Conj           40%        2d9       2%          5
 Animate Skeleton         Necr           8%         N/A       16%         1
 Summon Small Mammal      Summ           16%        N/A       16%         1
 Ensorcelled Hibernation  Hex/Ice        8%         N/A       24%         2
 Spider Form              Tmut/Pois      6%         N/A       36%         3
 Anguish                  Hex/Necr       2%         N/A       85%         4
 Orb of Destruction       Conj           20%        9d8       47%         7
 Conjure Ball Lightning   Conj/Air       11%        3x3d6     58%         6
 Dispersal                Tloc           2%         N/A       100%        6
 Disjunction              Tloc           2%         N/A       100%        8


Dungeon Overview and Level Annotations

Branches:
Dungeon (12/15)            Temple (1/1) D:4            Lair (0/6) D:10
    Orc: D:9-12

Altars:
Ashenzari
Cheibriados
Dithmenos
Elyvilon
Fedhas
Gozag
Hepliaklqana
Kikubaaqudgha
Makhleb
Nemelex Xobeh
Okawaru
Qazlal
Ru
Sif Muna
Trog
Uskayaw
Vehumet
Wu Jian
Xom
Yredelemnul
Zin
The Shining One

Shops:
D:4 [   D:6 *   D:8 =   D:12 ?

Annotations:
D:8 2 transporters, exclusion: ice statue, manifold's ghost, novice MiFi


Message History

Press: ? - help, Shift-Dir - straight line, f - yak
Aim: a yak (100% to hit)
The sticky flame hits the yak!
The yak is lightly wounded.
The yak is covered in liquid flames!
The yak burns!
The yak gores you but does no damage. The yak attacks as you move away!
The yak misses you.
The yak burns!
The polar bear attacks as you move away!
The polar bear barely misses you.
The polar bear claws you but does no damage.
The polar bear closely misses you. The yak attacks as you move away!
The yak gores you!
* * * LOW HITPOINT WARNING * * *
The yak burns!
Found a scale mail.
The yak burns!
The yak burns!
The yak burns!
You hit the yak but do no damage.
The yak is poisoned.
The yak is severely wounded.
The yak burns!
The yak barely misses you.
Aiming: Stone Arrow (safe; 1% risk of failure)
Press: ? - help, Q - select action, (/) - cycle Shift-Dir - straight line, f/p - yak
Aim: a yak (severely wounded, covered in liquid flames, poisoned, 89% to hit)
The stone arrow hits the yak!
You kill the yak!
Vehumet accepts your kill.
You feel your power returning. The polar bear bites you!
* * * LOW HITPOINT WARNING * * *
The polar bear claws you but does no damage. x2
Casting: Stone Arrow (safe; 1% risk of failure)
Confirm with . or Enter, or press ? or * to list all spells.
Aiming: Sticky Flame (mildly dangerous; 1% risk of failure)
Press: ? - help, Shift-Dir - straight line, f - polar bear
Aim: a polar bear (100% to hit)
The sticky flame hits the polar bear.
The polar bear is lightly wounded.
The polar bear is covered in liquid flames!
The polar bear burns!
The polar bear bites you.
You die...

# #### ##.#..
...#k####..#####
####....
...hYD.#.#.....#
#.......
#h##.....###.....>.
####.......#.......
#............... #
#...............
....#####...............
.......@†.....#.........
........h......[.##.....
.................####...
.................# #...
....#.##.........# #...
..[.#. #<........# ##..
#.. #. ######....# #†#
## .. ###### #.. ###


You could see a polar bear (burning).

Vanquished Creatures
  An ice dragon (D:12)
  Erica (D:11)
  2 deep elf pyromancers
  A cyclops (D:12)
  2 manticores
  A rime drake (D:12)
  2 komodo dragons
  A kobold demonologist (D:12)
  A queen bee (D:11)
  2 trolls
  A shadow (D:5)
  A wraith (D:11)
  2 wyverns
  6 yaks
  A steam dragon (D:8)
  3 acid dragons
  A water moccasin (D:9)
  2 ice beasts (D:5)
  3 sky beasts
  An ogre (D:5)
  2 wolves (D:12)
  7 centaurs
  A phantom (D:5)
  3 kobold brigands
  2 gnoll sergeants (D:8)
  2 scorpions (D:4)
  3 bullfrogs
  10 wights
  28 killer bees
  3 howler monkeys
  6 hounds
  A jelly (D:4)
  A gnoll shaman (D:7)
  3 orc priests
  8 iguanas
  8 orc wizards
  3 ogre zombies (D:12)
  A mummy (D:4)
  8 gnolls
  7 adders
  A shadow imp (D:5)
  2 white imps (D:5)
  5 worms
  2 dart slugs
  24 orcs
  11 ball pythons
  6 endoplasms
  3 giant cockroaches
  4 goblins (D:1)
  6 hobgoblins
  A jackal (D:5)
  2 quokkas
  4 bats
  3 frilled lizards (D:2)
  2 hobgoblin zombies (D:12)
  27 kobolds
  An orc skeleton (D:12)
  8 orc zombies (D:12)
  6 rats
260 creatures vanquished.

Vanquished Creatures (collateral kills)
  A wyvern (D:8)
  A bullfrog (D:7)
  4 orcs (D:8)
6 creatures vanquished.

Vanquished Creatures (others)
  2 wights (D:7)
  An orc wizard (D:7)
  A gnoll (D:7)
  15 plants
19 creatures vanquished.

Grand Total: 285 creatures vanquished

Notes
Turn   | Place    | Note
-------+----------+-------------------------------------------
     0 | D:1      | Armakuni the Human Wanderer began the quest for the Orb.
     0 | D:1      | Armakuni set off with the following items: a +0 vorpal
                  | quarterstaff, 14 poisoned darts, a +0 dagger, a potion of
                  | haste, a +0 robe; and the following spell memorised: Sting;
                  | and the following spells available to memorise: Spider Form
     0 | D:1      | Reached XP level 1. HP: 15/15 MP: 2/2
   280 | D:1      | Reached XP level 2. HP: 20/22 MP: 3/3
  1024 | D:1      | Reached XP level 3. HP: 22/28 MP: 4/4
  1437 | D:2      | Found a faded altar of an unknown god.
  1819 | D:2      | Reached XP level 4. HP: 32/35 MP: 5/5
  1823 | D:2      | Learned a level 3 spell: Stone Arrow
  2491 | D:3      | Reached skill level 1 in Evocations
  2537 | D:3      | Reached XP level 5. HP: 42/42 MP: 6/6
  2780 | D:3      | Reached skill level 1 in Armour
  2780 | D:3      | Reached skill level 1 in Dodging
  3168 | D:4      | Found a staircase to the Ecumenical Temple.
  3173 | Temple   | Entered the Ecumenical Temple
  3251 | Temple   | Became a worshipper of Vehumet
  3444 | D:4      | Reached XP level 6. HP: 25/48 MP: 7/7
  3810 | D:4      | Found a shimmering altar of Xom.
  3869 | D:4      | Found Keub's Armour Shoppe.
  4092 | D:4      | Found a snail-covered altar of Cheibriados.
  4384 | D:4      | Reached XP level 7. HP: 49/54 MP: 8/8
  4841 | D:5      | Entered Level 5 of the Dungeon
  4867 | D:5      | Noticed a shadow
  4886 | D:5      | Killed a shadow
  4887 | D:5      | Reached skill level 1 in Conjurations
  4887 | D:5      | Reached skill level 1 in Earth Magic
  5202 | D:5      | Found an iron altar of Okawaru.
  5258 | D:5      | Reached skill level 2 in Conjurations
  5262 | D:5      | Reached XP level 8. HP: 43/60 MP: 9/9
  5454 | D:5      | Reached skill level 3 in Conjurations
  5454 | D:5      | Reached * piety under Vehumet
  5454 | D:5      | Offered knowledge of Magic Dart by Vehumet.
  6028 | D:5      | Found a basalt altar of Yredelemnul.
  6299 | D:5      | Reached skill level 4 in Conjurations
  7257 | D:6      | Reached XP level 9. HP: 17/65 MP: 6/10
  7258 | D:6      | Reached skill level 5 in Conjurations
  7258 | D:6      | Reached skill level 5 in Earth Magic
  7436 | D:6      | Found a hazy altar of Hepliaklqana.
  7797 | D:6      | Found an ornate altar of the Wu Jian Council.
  8084 | D:6      | Found an opulent altar of Gozag.
  8087 | D:6      | Found Gozag's Platinum Reserve.
  8386 | D:6      | Learned a level 2 spell: Passwall
  8857 | D:7      | Reached ** piety under Vehumet
  8857 | D:7      | Offered knowledge of Poisonous Vapours by Vehumet.
  9232 | D:7      | Noticed a deep elf pyromancer
  9242 | D:7      | Killed a deep elf pyromancer
  9243 | D:7      | Reached skill level 5 in Spellcasting
  9487 | D:7      | Reached XP level 10. HP: 52/71 MP: 4/17
  9599 | D:7      | Found a stormy altar of Qazlal.
  9782 | D:8      | Reached skill level 6 in Conjurations
 10214 | D:8      | Noticed an ice statue
 10218 | D:8      | Noticed manifold's ghost (novice MiFi)
 10218 | D:8      | Noticed a catoblepas
 10221 | D:8      | Found a transporter.
 10227 | D:8      | Noticed a boulder beetle
 10375 | D:8      | Reached skill level 7 in Conjurations
 10690 | D:8      | Offered knowledge of Conjure Flame by Vehumet.
 10935 | D:8      | Learned a level 1 spell: Apportation
 11034 | D:8      | Found Wesudequ's One-of-a-Kind Rings.
 11056 | D:8      | Found a transporter.
 11766 | D:9      | Noticed a deep elf pyromancer
 11770 | D:9      | Killed a deep elf pyromancer
 11771 | D:9      | Reached skill level 8 in Conjurations
 11857 | D:9      | Found a bloodstained altar of Trog.
 12022 | D:9      | Reached *** piety under Vehumet
 12422 | D:10     | Entered Level 10 of the Dungeon
 12515 | D:10     | Found a staircase to the Lair.
 12719 | D:10     | Offered knowledge of Sticky Flame by Vehumet.
 12720 | D:10     | Reached XP level 11. HP: 62/77 MP: 11/18
 12725 | D:10     | Learned a level 4 spell: Sticky Flame
 13009 | D:10     | Reached skill level 1 in Fire Magic
 13969 | D:11     | Noticed Erica
 13975 | D:11     | Killed Erica
 13976 | D:11     | Reached skill level 9 in Conjurations
 14201 | D:11     | HP: 3/77 [poisoned by a killer bee]
 14201 | D:11     | HP: 1/77 [killer bee (2)]
 14203 | D:11     | Reached **** piety under Vehumet
 14998 | D:11     | Noticed a manticore
 15003 | D:11     | Killed a manticore
 15204 | D:11     | Reached skill level 10 in Conjurations
 15204 | D:11     | Reached skill level 5 in Fire Magic
 15699 | D:12     | Noticed a manticore
 15723 | D:12     | Killed a manticore
 15747 | D:12     | Found Navvyin's Magic Scroll Boutique.
 15828 | D:11     | Learned a level 5 spell: Fireball
 15984 | D:12     | Identified the amulet of Imialivoss {Spirit Int+4}
 15994 | D:12     | Noticed a cyclops
 15998 | D:12     | Killed a cyclops
 15998 | D:12     | Offered knowledge of Lightning Bolt by Vehumet.
 16366 | D:12     | Noticed an ice dragon
 16382 | D:12     | Reached XP level 12. HP: 68/83 MP: 19/19
 16390 | D:12     | Killed an ice dragon
 16404 | D:12     | HP: 1/83 [polar bear (13)]
 16405 | D:12     | Slain by a polar bear

Illustrated notes

Levels and vault maps discovered:
D:1:      minmay_arrival_hallway, layout_loops_corners, serial_forest,
          infiniplex_forest_clump_tiny, infiniplex_forest_corner_2,
          infiniplex_forest_clump_diagonal, infiniplex_forest_clump_double,
          infiniplex_forest_straight_3, infiniplex_forest_clump_tiny,
          infiniplex_forest_clump_C
D:2:      layout_loops_cross, serial_glass, glass_columns_a, glass_columns_b,
          glass_columns_a, glass_columns_a, glass_columns_c, glass_columns_a,
          shapermc_ecumenical_altar_starsandcircs, minmay_vboxes
D:3:      layout_basic
D:4:      layout_cave_pods, chei_slow_surprise, tgw_xom,
          minmay_temple_entry_statues_pillars, serial_shops,
          nicolae_shop_behind_doors
D:5:      layout_loops_corners, marbit_many_paths,
          mainiacjoe_overflow_surrounded_room, corexii_corridor_pit,
          minmay_chambers_of_fives
D:6:      layout_loops_ring, nicolae_hepliaklqana_hazy_memory,
          nicolae_gozag_zags_fifth_avenue, nicolae_overflow_crystal_walls
D:7:      layout_gridville, grunt_qazlal_clouds
D:8:      layout_loops_corners, nzn_ghost_randoct, nicolae_shop_unique_rings,
          nicolae_grassy_gnolls
D:9:      layout_loops_cross, kennysheep_mini_moat
D:10:     layout_loops_corners, lair_entry_dummy
D:11:     layout_cave_pods, special_room [special_room_bee], uniq_erica
D:12:     layout_basic, zombieorc1_lemuel,
          portal_ice_cave_entry_animals_and_master, serial_shops, shop
Temple:   cyrus_circular_temple

Skill      XL: |  1  2  3  4  5  6  7  8  9 10 11 12 |
---------------+-------------------------------------+-----
Fighting       | 2 3 4 |  4.0
Evocations     | 1 4 |  4.0
Armour         | 2 3 4 |  4.0
Dodging        | 2 3 4 |  4.0
Conjurations   | 2 4 5 8 10 | 10.0
Earth Magic    | 2 4 5 |  5.0
Spellcasting   | 5 |  5.0
Staves         | 8 |  8.4
Fire Magic     | 7 8 |  8.7
Throwing       | |  2.0
Poison Magic   | |  1.0

Action                   |  1- 3 |  4- 6 |  7- 9 | 10-12 || total
-------------------------+-------+-------+-------+-------++-------
Melee: Quarterstaff      |    84 |   137 |   223 |   221 ||   665
Throw: Dart              |     4 |    12 |    19 |     1 ||    36
 Cast: Stone Arrow       |       |       |    49 |   101 ||   150
       Sticky Flame      |       |       |       |    29 ||    29
       Fireball          |       |       |       |     1 ||     1
Evoke: Wand              |       |       |     4 |     6 ||    10
  Use: Scroll            |    11 |     3 |     5 |    12 ||    31
       Potion            |       |       |     6 |     2 ||     8
 Stab: Sleeping          |     1 |       |       |       ||     1
Armor: Robe              |    31 |    15 |       |       ||    46
       Ring mail         |       |    25 |   107 |       ||   132
       Scale mail        |       |       |     3 |   120 ||   123
       Troll leather arm |       |       |       |    27 ||    27
Dodge: Dodged            |    54 |    71 |   138 |   190 ||   453

Table legend: (Time is in decaauts)
 A = Elapsed time spent in this place.
 B = Non-inter-level travel time spent in this place.
 C = Inter-level travel time spent in this place.
 D = Time resting spent in this place.
 E = Time spent auto-exploring this place.
 F = Levels seen in this place.
 G = Mean time per level.
                   A        B        C        D        E       F      G
               +--------+--------+--------+--------+--------+-----+--------+
         Total |  16415 |  15985 |    430 |   2604 |  10826 |  13 | 1262.7 |
       Dungeon |  16321 |  15905 |    416 |   2604 |  10784 |  12 | 1360.1 |
        Temple |     93 |     79 |     14 |      0 |     42 |   1 |   93.0 |
               +--------+--------+--------+--------+--------+-----+--------+

Top non-repeatable levels by time:
     D:5: 2522 daAuts
     D:4: 1686 daAuts
     D:8: 1648 daAuts
    D:11: 1640 daAuts
     D:7: 1631 daAuts
     D:1: 1396 daAuts
    D:10: 1324 daAuts
     D:9: 1069 daAuts
     D:2: 1066 daAuts
     D:6: 1031 daAuts
    D:12: 691 daAuts
     D:3: 612 daAuts
  Temple: 93 daAuts
